 Dungeon Crawl Stone Soup version 0.22.0 (webtiles) character file.

3591 Htamos the Cleaver (level 10, 0/88 HPs)
             Began as a Hill Orc Fighter on Aug 10, 2018.
             Was a Follower of Beogh.
             Slain by Joseph
             ... wielding a +0 quarterstaff
              (16 damage)
             ... on level 8 of the Dungeon.
             The game lasted 00:20:25 (9436 turns).

Htamos the Cleaver (Hill Orc Fighter)               Turns: 9436, Time: 00:20:26

Health: 0/88       AC:  7    Str: 27    XL:     10   Next: 10%
Magic:  11/11      EV:  8    Int: 14    God:    Beogh [*.....]
Gold:   192        SH: 11    Dex: 10    Spells: 9/9 levels left

rFire    . . .     SeeInvis .   a - +1 war axe
rCold    . . .     Gourm    .   c - +0 shield
rNeg     . . .     Faith    .   b - +0 scale mail
rPois    .         Spirit   .   (no helmet)
rElec    .         Reflect  .   (no cloak)
rCorr    .         Harm     .   (no gloves)
MR       .....                  (no boots)
Stlth    ..........             (no amulet)
HPRegen  0.24/turn              i - +4 ring of strength
MPRegen  0.12/turn              y - +6 ring of intelligence

@: drained
A: no striking features
a: Renounce Religion


You were on level 8 of the Dungeon.
You worshipped Beogh.
Beogh was aware of your devotion.
You were not hungry.

You visited 2 branches of the dungeon, and saw 9 of its levels.
You also visited: Sewer.

You collected 282 gold pieces.
You spent 90 gold pieces at shops.

Inventory:

Hand Weapons
 a - a +1 war axe (weapon)
Missiles
 k - 225 stones
 o - 8 tomahawks (quivered)
 C - 2 throwing nets
 H - 3 curare-tipped needles
 I - 16 poisoned needles
Armour
 b - a +0 scale mail (worn)
 c - a +0 shield (worn)
 d - a +0 ring mail of cold resistance
Jewellery
 i - a +4 ring of strength (left hand)
 r - a -3 ring of protection
 v - an uncursed ring of stealth
 x - an uncursed ring of wizardry
 y - a +6 ring of intelligence (right hand)
Wands
 J - a wand of flame (31)
Scrolls
 e - 3 scrolls of enchant weapon
 g - a scroll of immolation {unknown}
 h - a scroll of noise {unknown}
 j - a scroll of magic mapping
 n - a scroll of amnesia
 t - 2 scrolls of remove curse
 u - a scroll of enchant armour {unknown}
 K - a scroll of identify
Potions
 l - a potion of lignification
 m - a potion of heal wounds
 p - a potion of cancellation
 q - 2 potions of flight
 s - a potion of agility {unknown}
 w - a potion of ambrosia {unknown}
 z - 2 potions of resistance {unknown}
 A - a potion of degeneration {unknown}
 B - 3 potions of brilliance
 D - a potion of haste
 F - a potion of mutation {unknown}
 G - a potion of curing
Comestibles
 f - 17 rations
 E - 2 chunks of flesh


   Skills:
 + Level 7.8(7.6) Fighting
 + Level 8.0(7.9) Axes
 * Level 7.3(7.2) Throwing
 + Level 7.1(6.9) Armour
 + Level 7.0(6.9) Shields
 + Level 1.4(1.3) Invocations


You had 9 spell levels left.
You didn't know any spells.
Your spell library contained the following spells:

 Spells                   Type           Power        Failure   Level  Hunger
 Lightning Bolt           Conj/Air       #.........   100%        5    ######.
 Shock                    Conj/Air       #...         86%         1    ##.....
 Swiftness                Chrm/Air       #.......     95%         2    ###....
 Airstrike                Air            #.........   100%        4    #####..
 Static Discharge         Conj/Air       #.......     99%         3    ####...


Dungeon Overview and Level Annotations

Branches:
Dungeon (8/15)             Temple (1/1) D:5
   Lair: D:8-11

Altars:
Ashenzari
Cheibriados
Dithmenos
Elyvilon
Fedhas
Gozag
Hepliaklqana
Kikubaaqudgha
Makhleb
Nemelex Xobeh
Okawaru
Qazlal
Ru
Sif Muna
Trog
Uskayaw
Vehumet
Wu Jian
Xom
Yredelemnul
Zin
The Shining One

Shops:
D:4 ?   D:5 *

Annotations:
D:5 1 runed door, Theblade12's ghost, novice DsGl
D:8 Joseph


Message History

Joseph hits you but does no damage.
You closely miss Joseph.
Joseph is severely wounded.
Joseph hits you but does no damage.
You barely miss Joseph.
Joseph is severely wounded.
Joseph hits you but does no damage.
You barely miss Joseph.
Joseph is severely wounded.
You block Joseph's attack.
You slash Joseph!
Joseph is almost dead.
Joseph hits you with an uncursed quarterstaff!
* * * LOW HITPOINT WARNING * * *
You hit Joseph but do no damage.
Joseph is almost dead.
Joseph hits you with an uncursed quarterstaff!
* * * LOW HITPOINT WARNING * * *
Joseph hits you with an uncursed quarterstaff!
You die...

### ## #.. .# #.# .#
#.####.###
#.##.....###
#.##.......#
############.##...#
................(.#
.#..>....#######@#..#
.#.......# #@# ##
.#...#...# #[.
.#.......# ###.
.........# .#
##.......# #
##........ # .... #
....


You could see Joseph.

Vanquished Creatures
  4 hogs (D:7)
  A human (D:7)
  Eustachio (D:4)
  Edmund (D:4)
  A water moccasin (D:6)
  A phantom (D:6)
  2 ice beasts
  2 sky beasts
  A black bear (D:7)
  2 ogres
  2 centaurs (D:5)
  A big kobold (D:7)
  3 bullfrogs
  A gnoll sergeant (D:6)
  3 scorpions
  3 wights (D:8)
  A howler monkey (D:5)
  2 bullfrog zombies
  2 crimson imps
  An orc priest (D:7)
  A gnoll shaman (D:5)
  4 jellies
  6 orc wizards
  7 worker ants
  2 killer bee zombies
  A hound skeleton (D:6)
  14 gnolls
  10 adders
  A river rat (D:4)
  A shadow imp (D:6)
  2 worms
  2 dart slugs
  5 leopard geckos
  19 orcs
  4 ball pythons
  5 giant cockroaches
  7 goblins
  2 hobgoblins (D:2)
  8 jackals
  2 quokkas
  4 bats
  4 frilled lizards
  17 kobolds
  9 rats
  4 plants (Sewer)
176 creatures vanquished.

Vanquished Creatures (others)
  A jelly (D:7)
  A quokka (D:7)
2 creatures vanquished.

Grand Total: 178 creatures vanquished

Notes
Turn   | Place    | Note
-------+----------+-------------------------------------------
     0 | D:1      | Htamos the Hill Orc Fighter began the quest for the Orb.
     0 | D:1      | Reached XP level 1. HP: 19/19 MP: 1/1
     2 | D:1      | Noticed a centaur
     2 | D:1      | Noticed a halfling
     4 | D:1      | Noticed a demonspawn
     4 | D:1      | Noticed a ghoul
     6 | D:1      | Noticed a draconian
     6 | D:1      | Noticed a gargoyle
     8 | D:1      | Noticed an ogre
     8 | D:1      | Noticed a human
    10 | D:1      | Noticed a troll
    10 | D:1      | Noticed a naga
    12 | D:1      | Noticed a vampire
    12 | D:1      | Noticed an octopode
    14 | D:1      | Noticed a spriggan
    14 | D:1      | Noticed a demigod
    16 | D:1      | Noticed a tengu
    16 | D:1      | Noticed a vine stalker
    20 | D:1      | Noticed a minotaur
    20 | D:1      | Noticed a formicid
    24 | D:1      | Noticed an elf
    27 | D:1      | Noticed a merfolk
    29 | D:1      | Noticed a felid
    29 | D:1      | Noticed a dwarf
   337 | D:1      | Reached XP level 2. HP: 27/27 MP: 2/2
   339 | D:1      | Reached skill level 3 in Axes
   598 | D:2      | Reached XP level 3. HP: 33/33 MP: 3/3
   603 | D:2      | Reached skill level 1 in Throwing
   839 | D:2      | Reached XP level 4. HP: 40/40 MP: 4/4
  1963 | D:3      | Reached XP level 5. HP: 46/46 MP: 5/5
  2431 | D:4      | Found Faommot's Magic Scroll Shop.
  2439 | D:4      | Bought a scroll of enchant weapon for 90 gold pieces
  2566 | D:4      | Noticed Eustachio
  2574 | D:4      | Killed Eustachio
  2574 | D:4      | Reached skill level 4 in Axes
  2574 | D:4      | Reached XP level 6. HP: 47/53 MP: 6/6
  2653 | D:4      | Noticed Edmund
  2660 | D:4      | Found a glowing drain.
  2679 | D:4      | Killed Edmund
  2710 | Sewer    | Entered a sewer
  2986 | Sewer    | Reached XP level 7. HP: 60/60 MP: 7/7
  3076 | Sewer    | Reached skill level 5 in Fighting
  3716 | D:5      | Entered Level 5 of the Dungeon
  3721 | D:5      | Reached skill level 5 in Axes
  3975 | D:5      | Found Boskyl's Assorted Antiques.
  4214 | D:5      | Reached skill level 5 in Armour
  4218 | D:5      | Found a runed door.
  4279 | D:5      | Reached skill level 5 in Shields
  4280 | D:5      | Reached XP level 8. HP: 40/70 MP: 8/8
  4852 | D:5      | Reached skill level 6 in Axes
  4852 | D:5      | Reached skill level 5 in Throwing
  5181 | D:5      | Found a staircase to the Ecumenical Temple.
  5205 | Temple   | Entered the Ecumenical Temple
  5475 | D:5      | Noticed Theblade12's ghost (novice DsGl)
  5967 | D:6      | Reached XP level 9. HP: 78/78 MP: 9/9
  6171 | D:6      | Found an ancient bone altar of Kikubaaqudgha.
  7271 | D:7      | Became a worshipper of Beogh the Brigand
  7420 | D:7      | Reached skill level 7 in Axes
  7856 | D:7      | Found a hide-covered altar of Uskayaw.
  8573 | D:7      | Reached * piety under Beogh
  8924 | D:8      | Reached XP level 10. HP: 86/86 MP: 10/10
  9333 | D:7      | Reached skill level 8 in Axes
  9333 | D:7      | Reached skill level 1 in Invocations
  9408 | D:8      | Noticed Joseph
  9436 | D:8      | Slain by Joseph

Skill      XL: |  1  2  3  4  5  6  7  8  9 10 |
---------------+-------------------------------+-----
Axes           | 3 4 5 6 7 8 |  8.0
Fighting       | 4 5 6 7 |  7.8
Throwing       | 1 2 3 4 5 7 |  7.3
Armour         | 4 5 7 |  7.1
Shields        | 4 5 6 7 |  7.0
Invocations    | 1 |  1.4

Action                   |  1- 3 |  4- 6 |  7- 9 | 10-12 || total
-------------------------+-------+-------+-------+-------++-------
Melee: War axe           |    46 |   201 |   441 |    67 ||   755
Throw: Stone             |     5 |       |     1 |       ||     6
       Tomahawk          |       |     3 |     8 |       ||    11
Invok: Convert to Beogh  |       |       |     1 |       ||     1
Evoke: Wand              |       |       |     1 |       ||     1
  Use: Potion            |     1 |     1 |     6 |       ||     8
       Scroll            |       |     5 |     9 |     1 ||    15
  Eat: Chunk             |       |     7 |    17 |       ||    24
       Ration            |       |       |     1 |     1 ||     2
Armor: Scale mail        |    14 |    89 |   123 |    24 ||   250
Dodge: Dodged            |    13 |    51 |   118 |    17 ||   199
Block: Shield            |    20 |    89 |   243 |    35 ||   387
